 Dungeon Crawl Stone Soup version 0.23-a0-183-gf37f6fb (webtiles) character file.

190942 mhoghedin the Warrior (level 17, -3/160 HPs)
             Began as a Centaur Fighter on Sept 9, 2018.
             Was an Elder of the Shining One.
             Killed from afar by a nagaraja (7 damage)
             ... with a poison arrow
             ... on level 4 of the Snake Pit on Sept 21, 2018.
             The game lasted 01:15:02 (31011 turns).

mhoghedin the Warrior (Centaur Fighter)            Turns: 31011, Time: 01:15:03

Health: -3/160     AC: 30    Str: 39    XL:     17   Next: 56%
Magic:  26/26      EV:  9    Int: 10    God:    the Shining One [****..]
Gold:   461        SH:  0    Dex: 13    Spells: 16/16 levels left

rFire    + . .     SeeInvis .   b - +9 halberd "Sunygugiri" {freeze, *Slow MR- Str+9 Int+6}
rCold    + . .     Gourm    .   (shield currently unavailable)
rNeg     + + +     Faith    .   E - +3 scale mail of Infinity {rN+ rCorr}
rPois    +         Spirit   .   v - +2 helmet
rElec    .         Reflect  .   p - +0 cloak {MR+}
rCorr    +         Harm     .   A - +0 pair of gloves
MR       ++...                  n - +4 centaur barding {rF+}
Stlth    ..........             N - amulet of the Shining Light {rPois rN++ Regen+ Str+4 Int-5}
HPRegen  0.76/turn              x - +2 ring of intelligence
MPRegen  0.20/turn              k - ring of protection from magic {MR+, !d}

@: lethally poisoned (-3 -> -4), about to teleport, hasted and slowed, glowing,
constricted, studying Long Blades, very quick
A: large, hooves 3, icy blue scales 1, cold resistance 1, deformed body, speed
2, strong 2, tough skin 3
}: 1/15 runes: serpentine
a: Divine Shield, Cleansing Flame, Renounce Religion


You were on level 4 of the Snake Pit.
You worshipped the Shining One.
The Shining One was greatly pleased with you.
You were not hungry.

You visited 6 branches of the dungeon, and saw 29 of its levels.
You also visited: Ice Cave.

You collected 2945 gold pieces.
You spent 2484 gold pieces at shops.

Inventory:

Hand Weapons
 a - a +0 hand axe of flaming
   (You took it off an orc warrior on level 11 of the Dungeon)
 b - the +9 halberd "Sunygugiri" (weapon) {freeze, *Slow MR- Str+9 Int+6}
   (You bought it in a shop on level 5 of the Dungeon)

   It has been specially enchanted to freeze those struck by it, causing extra
   injury to most foes and up to half again as much damage against particularly
   susceptible opponents.
   It can also slow down cold-blooded creatures.
   It affects your strength (+9).
   It affects your intelligence (+6).
   It affects your resistance to hostile enchantments.
   It may slow you when you take damage.
Missiles
 g - 2 throwing nets {=f, !d}
Armour
 n - a +4 centaur barding of fire resistance (worn)
   (You acquired it on level 9 of the Dungeon)
 p - a +0 cloak of magic resistance (worn)
   (You took it off Crazy Yiuf on level 4 of the Dungeon)
 v - a +2 helmet (worn)
   (You found it on level 5 of the Dungeon)
 A - a +0 pair of gloves (worn)
   (You found it on level 5 of the Lair of Beasts)
 E - the +3 scale mail of Infinity (worn) {rN+ rCorr}
   (You found it on level 1 of the Shoals)

   It protects you from negative energy.
   It provides partial protection from all sources of acid and corrosion.
 T - the +4 buckler "Ychoul" {Str+3}
   (You bought it in a shop on level 2 of the Orcish Mines)

   It affects your strength (+3).
Jewellery
 c - an uncursed amulet of the gourmand {unknown}
   (You took it off a naga sharpshooter on level 2 of the Snake Pit)
 k - a ring of protection from magic (right hand) {MR+, !d}
   (You bought it in a shop on level 11 of the Dungeon)
 t - an uncursed ring of fire {rF+, rC-}
   (You found it on level 4 of the Dungeon)
 x - a +2 ring of intelligence (left hand)
   (You found it on level 1 of the Lair of Beasts)
 N - the amulet of the Shining Light (around neck) {rPois rN++ Regen+ Str+4 Int-5}
   (You bought it in a shop on level 2 of the Orcish Mines)

   [amulet of regeneration]

   It affects your strength (+4).
   It affects your intelligence (-5).
   It protects you from poison.
   It greatly protects you from negative energy.
   It increases your rate of regeneration.
 X - an uncursed ring of protection from fire {unknown}
   (You found it on level 3 of the Snake Pit)
 Y - the amulet "Bugic" {Faith rPois}
   (You bought it in a shop on level 11 of the Dungeon)

   [amulet of faith]

   It allows you to gain divine favour quickly.
   It protects you from poison.
Wands
 z - a wand of digging (10)
   (You found it on level 12 of the Dungeon)
 B - a wand of enslavement (11)
   (You took it off a crimson imp on level 6 of the Dungeon)
 F - a wand of iceblast (29)
   (You found it on level 6 of the Dungeon)
 H - a wand of acid (7)
   (You found it on level 8 of the Dungeon)
 J - a wand of flame (28)
   (You found it on level 15 of the Dungeon)
 K - a wand of polymorph (31)
   (You found it on level 10 of the Dungeon)
 O - a wand of paralysis (20)
   (You found it on level 3 of the Lair of Beasts)
Scrolls
 h - 5 scrolls of enchant weapon
 i - 9 scrolls of blinking {!r}
 j - 14 scrolls of remove curse
 r - 2 scrolls of fog
 s - 4 scrolls of amnesia
 u - 4 scrolls of fear
 y - a scroll of immolation {!r}
 D - 2 scrolls of teleportation
 I - a scroll of holy word {!r}
 L - a scroll of summoning
 P - a scroll of vulnerability {unknown}
 V - 2 scrolls of identify
Potions
 d - a potion of might
 e - 4 potions of magic
 m - a potion of agility
 o - 5 potions of curing
 q - 5 potions of brilliance {unknown}
 C - 4 potions of mutation {!q}
 G - 3 potions of lignification {!q}
 R - a potion of flight {unknown}
 S - 5 potions of heal wounds
Books
 w - a manual of Long Blades {!d}
   (You found it on level 4 of the Snake Pit)
Miscellaneous
 l - a lightning rod (4/4)
   (You found it on level 2 of the Snake Pit)
 M - a phial of floods
   (You found it on level 11 of the Dungeon)
 Q - a fan of gales
   (You found it on level 12 of the Dungeon)
 U - a lamp of fire
   (You found it on level 14 of the Dungeon)
Comestibles
 f - 27 rations


   Skills:
 + Level 16.9 Fighting
 + Level 15.3 Polearms
 + Level 10.5 Armour
 + Level 10.4 Dodging
 - Level 2.1 Shields
 - Level 12.2 Invocations


You had 16 spell levels left.
You didn't know any spells.
Your spell library contained the following spells:

 Spells                   Type           Power        Failure   Level  Hunger
 Animate Skeleton         Necr           N/A          52%         1    ##.....
 Apportation              Tloc           #.....       52%         1    ##.....
 Confusing Touch          Hex            #.....       52%         1    ##.....
 Corona                   Hex            #......      52%         1    ##.....
 Pain                     Necr           #...         52%         1    ##.....
 Sting                    Conj/Pois      #...         52%         1    ##.....
 Summon Small Mammal      Summ           #...         52%         1    ##.....
 Call Imp                 Summ           #.......     65%         2    ###....
 Ensorcelled Hibernation  Hex/Ice        #.....       65%         2    ###....
 Poisonous Vapours        Pois/Air       #.....       65%         2    ###....
 Call Canine Familiar     Summ           #.......     87%         3    ####...
 Confuse                  Hex            #.......     87%         3    ####...
 Conjure Flame            Conj/Fire      #.......     87%         3    ####...
 Dazzling Spray           Conj/Hex       #.....       87%         3    ####...
 Gell's Gravitas          Tloc           #.........   87%         3    ####...
 Mephitic Cloud           Conj/Pois/Air  #.......     87%         3    ####...
 Regeneration             Chrm/Necr      #.........   87%         3    ####...
 Summon Guardian Golem    Hex/Summ       #.......     87%         3    ####...
 Tukima's Dance           Hex            #.......     87%         3    ####...
 Vampiric Draining        Necr           #.........   87%         3    ####...
 Animate Dead             Necr           N/A          99%         4    #####..
 Leda's Liquefaction      Hex/Erth       #.........   99%         4    #####..
 Olgreb's Toxic Radiance  Pois           #.......     99%         4    #####..
 Petrify                  Tmut/Erth      #.......     99%         4    #####..
 Summon Ice Beast         Ice/Summ       #.......     99%         4    #####..
 Summon Lightning Spire   Summ/Air       #.......     99%         4    #####..
 Bolt of Magma            Conj/Fire/Erth #.........   100%        5    ######.
 Metabolic Englaciation   Hex/Ice        #.........   100%        5    ######.
 Venom Bolt               Conj/Pois      #.........   100%        5    ######.
 Yara's Violent Unravell  Hex/Tmut       #.........   100%        5    ######.
 Freezing Cloud           Conj/Ice/Air   #.........   100%        6    #######
 Iron Shot                Conj/Erth      #.........   100%        6    #######
 Statue Form              Tmut/Erth      #........    100%        6    #######
 Ring of Flames           Chrm/Fire      #.........   100%        7    #######
 Shatter                  Erth           #.........   100%        9    #######


Dungeon Overview and Level Annotations

Branches:
Dungeon (15/15)            Temple (1/1) D:4            Lair (6/6) D:11
 Shoals (1/4) Lair:3        Snake (4/4) Lair:3        Slime (0/5) Lair:5
    Orc (2/2) D:11            Elf (0/3) Orc:2        Vaults (0/5) D:14
 Depths (0/5) D:15

Altars:
Ashenzari
Cheibriados
Dithmenos
Elyvilon
Fedhas
Gozag
Hepliaklqana
Kikubaaqudgha
Makhleb
Nemelex Xobeh
Okawaru
Qazlal
Ru
Sif Muna
Trog
Uskayaw
Vehumet
Wu Jian
Xom
Yredelemnul
Zin
The Shining One
Beogh
Jiyva

Shops:
D:4 !%}*   D:5 (   D:7 *   D:11 =   Orc:2 [(=*   Shoals:1 :   Snake:2 [
Snake:3 !?(!

Annotations:
D:7 1 runed door, nikopol's ghost, novice DEFE
D:9 1 runed door
Lair:3 1 runed door, Mobliot's ghost, journeyman OgFE
Lair:4 3 runed doors, Appuhyh's ghost, journeyman NaWz; Xodoxeg's ghost, journeyman NaWz; kirsanium's ghost, journeyman FoFi
Shoals:1 exclusion: 2 oklob plants


Innate Abilities, Weirdness & Mutations

You have hooves in place of feet.
Armour fits poorly on your strangely shaped body.
You cover ground very quickly.
You have extremely tough skin. (AC +3)
You are partially covered in icy blue scales. (AC +2)
Your flesh is cold resistant. (rC+)
Your muscles are very strong. (Str +4)


Message History

The naga constricts you.
You take 2 damage, and have 34/160 hp.
You escape the naga's grasp.
You feel sick.
You take 1 damage, and have 33/160 hp.
You feel sick.
A naga comes into view. It is wielding a scimitar.
Your surroundings suddenly seem different.
You feel sick.
A guardian serpent comes into view.
The guardian serpent shouts!
A naga warrior comes into view.
It is wielding a long sword of electrocution.
The naga warrior shouts!
A nagaraja comes into view.
The nagaraja shouts!
A guardian serpent comes into view.
The guardian serpent shouts!
A nagaraja comes into view. It is wielding a halberd.
The nagaraja shouts!
A naga comes into view. It is wielding a trident.
The naga shouts!
A nagaraja comes into view. It is wielding a club.
The nagaraja shouts!
You hear an angry hiss.
You hear a shout!
You hear an angry hiss. x2
A mana viper comes into view.
The guardian serpent hits you but does no damage.
A naga warrior comes into view. It is wielding an enchanted war axe.
The naga moves out of view.
You hear a shout! x2; You hear an angry hiss.
You hear a shout! 5 nagas come into view.
A naga ritualist is wielding a dagger of venom.
You take 1 damage, and have 32/160 hp.
You feel sick.
You hear an angry hiss.
The naga mage mumbles some strange words.
The naga mage seems to speed up.
The nagaraja mumbles some strange words.
The nagaraja seems to speed up.
The naga sharpshooter moves out of view.
The naga ritualist moves out of view.
The naga moves out of view.
The naga mage spits poison at you. The splash of poison hits you! You resist.
* * * LOW HITPOINT WARNING * * *
You take 3 damage, and have 29/160 hp.
Unknown command.
Unknown command.
You feel sick.
You see here a serpentine rune of Zot.
You take 1 damage, and have 28/160 hp.
You pick up the serpentine rune and feel its power.
Press } to see all the runes you have collected.
Your divine shield fades away.
The naga mage hits you from afar with a halberd.
* * * LOW HITPOINT WARNING * * *
The nagaraja barely misses you. The nagaraja grabs you.
The nagaraja constricts you. The nagaraja spits poison at you.
The splash of poison hits you! You resist.
* * * LOW HITPOINT WARNING * * *
The nagaraja casts a spell at you.
The bolt of poison hits the guardian serpent.
The bolt of poison hits you!
You are more poisoned.
You resist.
* * * LOW HITPOINT WARNING * * *
You feel yourself slow down.
The guardian serpent casts a spell at you.
The bolt of poison hits the guardian serpent.
The bolt of poison hits you! You resist.
* * * LOW HITPOINT WARNING * * *
The guardian serpent hits you but does no damage.
You take 16 damage, and have 12/160 hp.
Okay, then.
Unknown command.
Unknown command.
You feel better.
The naga mage points at you and mumbles some strange words.
You resist with almost no effort. The nagaraja hits you with a halberd!
* * * LOW HITPOINT WARNING * * *
The guardian serpent hits you but does no damage.
The nagaraja spits poison at you. The splash of poison hits you! You resist.
* * * LOW HITPOINT WARNING * * *
x2 The nagaraja constricts you.
You take 8 damage, and have 4/160 hp.
Okay, then.
Unknown command.
Unknown command.
As you read the scroll of teleportation, it crumbles to dust.
You feel strangely unstable.
The naga mage hits you but does no damage.
The guardian serpent hits you but does no damage.
The nagaraja completely misses you. The guardian serpent barely misses you.
The naga mage hits you but does no damage.
The nagaraja casts a spell at you. The poison arrow hits you!
You are poisoned.
You partially resist.
You die...

**,,****,,,,,,,,,,,,,,**,**
**,,****,,,,,*#####,,,,,*,,*
*,,** *,,,,###....##*,,,**,*
*,** ##..N##...NN..N**,,,*,**
*,* #...##....NNSNN,*,,,*,,*
#.* #...#...N###,,,,**,,**,*
*.#* #...#......##,,,,*,,,*,*
*..* #...#...SSN.#*,,,*,,,*,**
**.###...#...N@.N#*,,,*,,,*,,**
*..##NNN##...N..#*,,,*,,,*,,,,
*#.###..?#.....##,,,,*,,,*,,,,
##...#...###..##,,,,**,,,*,,,,
##.<..#..N.N####,,,,**,,,**,,,,
#.##.###...NN.....,**,,,,*,,,,,
#.#....##.N......N**,,,,**,,,,*
##)..##.###.....##*,,,,,*,,,,,*
#.........########.,,,,**,,,,,,


You could see a naga warrior, 3 nagarajas, 2 guardian serpents and a naga mage.

Vanquished Creatures
  Saint Roka (Snake:3)
  Kirke (D:15)
  Roxanne (D:15)
  6 nagarajas (Snake:4)
  An orc warlord (Orc:2)
  A stone giant (Orc:2)
  A dire elephant (D:15)
  2 merfolk javelineers (Shoals:1)
  A fire dragon (Lair:6)
  2 merfolk impalers
  Josephine (D:13)
  Fannar (Lair:2)
  Erolcha (D:9)
  11 naga warriors
  A merfolk avatar (D:15)
  7 hydras
  9 anacondas
  6 centaur warriors
  An alligator snapping turtle (Shoals:1)
  8 two-headed ogres
  A tengu warrior (D:14)
  18 naga sharpshooters
  Urug (Lair:3)
  9 shock serpents
  Sonja (D:10)
  2 sea snakes (Shoals:1)
  2 unseen horrors
  5 naga ritualists
  4 orc knights
  A lindwurm (Lair:6)
  Pikel (D:8)
  13 ugly things
  2 deep elf magi
  A wolf spider (D:11)
  12 mana vipers
  2 cyclopes (D:14)
  A faun (Shoals:1)
  2 orc sorcerers (Orc:2)
  7 salamanders
  7 elephants
  3 merfolk sirens
  35 black mambas
  2 ice statues (IceCv)
  2 manticores
  A molten gargoyle (Lair:6)
  Psyche (D:9)
  A water nymph (Shoals:1)
  2 guardian serpents
  14 naga magi
  A torpor snail (Lair:5)
  A gargoyle (D:10)
  15 spiny frogs
  The ghost of epen the Insei, a novice OpMo of Ru (D:5)
  8 komodo dragons
  3 rime drakes
  4 merfolk
  12 trolls
  5 wind drakes (Shoals:1)
  13 polar bears
  13 blink frogs
  A hornet (D:10)
  A meliai zombie (D:15)
  3 snapping turtles (Shoals:1)
  14 hippogriffs
  4 dream sheep (Lair:6)
  Sigmund (D:6)
  43 yaks
  7 hogs
  A human (D:7)
  5 wraiths
  4 fire elementals (D:15)
  Eustachio (D:5)
  8 wyverns
  A yak (shapeshifter) (D:13)
  4 hungry ghosts
  8 basilisks
  3 vampire mosquitoes (D:15)
  3 steam dragons
  Grum (D:10)
  43 nagas
  Edmund (D:6)
  12 water moccasins
  3 wargs
  An acid dragon (D:14)
  5 hell hounds (Lair:6)
  2 soldier ants (D:11)
  8 porcupines
  A swamp drake (D:11)
  6 sky beasts
  A black bear (D:8)
  2 ice beasts
  37 orc warriors
  2 phantoms
  9 ogres
  A necrophage (D:9)
  4 boggarts (D:15)
  15 centaurs
  An eye of draining (D:14)
  24 wolves
  12 crocodiles
  2 big kobolds
  Blork the orc (D:5)
  21 bullfrogs
  4 scorpions
  An oklob sapling (D:4)
  7 wights
  9 killer bees (D:10)
  3 electric eels (D:11)
  4 howler monkeys
  5 crimson imps
  5 lava snakes
  A quasit (D:13)
  2 bullfrog zombies
  5 centaur zombies
  7 jellies
  5 hounds
  2 centaur skeletons
  22 orc priests
  Crazy Yiuf (D:4)
  3 iguanas
  8 worker ants
  18 orc wizards
  A hound zombie (D:7)
  A howler monkey zombie (D:10)
  2 worker ant zombies
  9 gnolls
  13 adders
  A howler monkey skeleton (D:8)
  3 shadow imps
  2 oozes
  3 adder zombies
  2 worms
  2 dart slugs
  3 leopard geckos
  103 orcs
  15 bats
  6 giant cockroaches
  3 goblins
  10 hobgoblins
  14 jackals
  5 quokkas
  A ball python (D:3)
  5 frilled lizards
  2 jackal skeletons (D:6)
  25 kobolds
  2 leopard gecko skeletons
  4 rats
  A fungus (Lair:4)
  2 plants
971 creatures vanquished.

Vanquished Creatures (collateral kills)
  Frances (Snake:2)
  A nagaraja (Snake:4)
  A frost giant (IceCv)
  4 vault guards (D:14)
  A faun (Shoals:1)
  A centaur zombie (D:13)
  2 molten gargoyles (Lair:6)
  A merfolk siren (Shoals:1)
  A black mamba (Snake:4)
  A water nymph (Shoals:1)
  A centaur skeleton (D:14)
  A tengu conjurer (D:14)
  A troll (D:13)
  A polar bear (IceCv)
  5 yaks
  2 basilisks
  An acid dragon (D:14)
  3 orc warriors (Orc:2)
  An ogre (D:13)
  2 wolves (IceCv)
  A necrophage (D:13)
  An orc priest (Orc:2)
  3 orc wizards
  4 orcs
41 creatures vanquished.

Vanquished Creatures (others)
  An ugly thing (D:15)
  A naga mage (Snake:2)
  A black mamba (Snake:1)
  A kobold (D:8)
  A fungus (Lair:6)
  5 plants
  6 withered plants
16 creatures vanquished.

Grand Total: 1028 creatures vanquished

Notes
Turn   | Place    | Note
-------+----------+-------------------------------------------
     0 | D:1      | mhoghedin the Centaur Fighter began the quest for the Orb.
     0 | D:1      | Reached XP level 1. HP: 19/19 MP: 1/1
   137 | D:1      | Reached skill level 2 in Polearms
   174 | D:1      | Reached XP level 2. HP: 22/26 MP: 2/2
   577 | D:1      | Reached XP level 3. HP: 28/31 MP: 3/3
  1168 | D:2      | Reached skill level 4 in Fighting
  1238 | D:2      | Reached skill level 3 in Polearms
  1286 | D:2      | Reached XP level 4. HP: 33/40 MP: 4/4
  1511 | D:3      | Found a shimmering altar of Xom.
  1774 | D:3      | Reached XP level 5. HP: 32/47 MP: 5/5
  2102 | D:3      | Reached skill level 4 in Polearms
  2105 | D:3      | Reached skill level 5 in Fighting
  2110 | D:3      | Found a shattered altar of Ashenzari.
  2142 | D:3      | Reached XP level 6. HP: 47/56 MP: 6/6
  2788 | D:4      | Found a staircase to the Ecumenical Temple.
  2818 | Temple   | Entered the Ecumenical Temple
  3143 | Temple   | Became a worshipper of the Shining One
  3663 | D:4      | Reached skill level 5 in Polearms
  3790 | D:4      | Found Guilait's Gadget Shoppe.
  3806 | D:4      | Found Ykanu's Food Boutique.
  3810 | D:4      | Reached skill level 6 in Fighting
  3834 | D:4      | Found Akko's Distillery.
  3928 | D:4      | Reached XP level 7. HP: 60/63 MP: 7/7
  4039 | D:4      | Found a runed door.
  4108 | D:4      | Found Kietwam's General Store.
  4189 | D:4      | Noticed Crazy Yiuf
  4194 | D:4      | Killed Crazy Yiuf
  4202 | D:4      | Upgraded the game from 0.23-a0-164-g7711e57 to
                  | 0.23-a0-181-g24f899a
  4230 | D:5      | Entered Level 5 of the Dungeon
  4242 | D:5      | Found Setim's Antique Weapon Emporium.
  4299 | D:5      | Found a runed door.
  4300 | D:5      | Noticed epen's ghost (novice OpMo)
  4318 | D:5      | Noticed Blork the orc
  4328 | D:5      | Killed Blork the orc
  4517 | D:5      | Reached * piety under the Shining One
  4586 | D:5      | Found a hide-covered altar of Uskayaw.
  4610 | D:5      | Noticed Eustachio
  4625 | D:5      | Killed Eustachio
  4763 | D:5      | Found a blossoming altar of Fedhas.
  4838 | D:5      | Found a white marble altar of Elyvilon.
  4840 | D:5      | Found a radiant altar of Vehumet.
  4968 | D:5      | Reached skill level 7 in Fighting
  4968 | D:5      | Reached skill level 6 in Polearms
  5067 | D:5      | Killed epen's ghost
  5067 | D:5      | Reached XP level 8. HP: 73/73 MP: 8/8
  5159 | D:6      | HP: 17/73 [orc priest/divine providence (14)]
  5160 | D:6      | HP: 3/73 [orc warrior/scimitar (6)]
  5489 | D:5      | Got a steaming rapier
  5490 | D:5      | Identified the +7 rapier of Certain Death {freeze, MR+
                  | Dex+4 Stlth+} (You found it on level 5 of the Dungeon)
  5601 | D:6      | Noticed Edmund
  5609 | D:6      | Reached skill level 8 in Fighting
  5609 | D:6      | Reached skill level 7 in Polearms
  5635 | D:6      | Killed Edmund
  5953 | D:6      | Reached ** piety under the Shining One
  6070 | D:6      | Noticed Sigmund
  6080 | D:6      | Killed Sigmund
  6135 | D:6      | Reached XP level 9. HP: 81/82 MP: 9/9
  6181 | D:6      | Reached skill level 9 in Fighting
  6210 | D:6      | Reached skill level 8 in Polearms
  6463 | D:5      | Bought an encrusted halberd for 216 gold pieces
  6469 | D:5      | Identified the +9 halberd "Sunygugiri" {freeze, *Slow MR-
                  | Str+9 Int+6} (You bought it in a shop on level 5 of the
                  | Dungeon)
  6714 | D:7      | Reached skill level 1 in Dodging
  6752 | D:7      | Found a runed door.
  6757 | D:7      | Noticed nikopol's ghost (novice DEFE)
  6799 | D:7      | Found a hazy altar of Hepliaklqana.
  6874 | D:7      | Found Asuczy's General Store.
  7006 | D:7      | Reached skill level 10 in Fighting
  7006 | D:7      | Reached skill level 9 in Polearms
  7122 | D:7      | Found an ornate altar of the Wu Jian Council.
  7194 | D:8      | Reached *** piety under the Shining One
  7381 | D:8      | Reached XP level 10. HP: 94/94 MP: 10/10
  7574 | D:8      | Found a deep blue altar of Sif Muna.
  7614 | D:8      | Noticed Pikel
  7621 | D:8      | Killed Pikel
  7729 | D:8      | Reached skill level 11 in Fighting
  7743 | D:8      | Reached skill level 10 in Polearms
  7759 | D:8      | Found an iron altar of Okawaru.
  7759 | D:8      | Reached **** piety under the Shining One
  7762 | D:8      | Found a bloodstained altar of Trog.
  7863 | D:9      | Noticed Erolcha
  7871 | D:9      | Killed Erolcha
  7871 | D:9      | Reached skill level 2 in Invocations
  8059 | D:9      | Noticed a two-headed ogre
  8074 | D:9      | Killed a two-headed ogre
  8074 | D:9      | Reached skill level 3 in Invocations
  8365 | D:9      | Found a runed door.
  8368 | D:9      | Noticed a sixfirhy
  8463 | D:9      | Reached skill level 4 in Invocations
  8463 | D:9      | Noticed Psyche
  8471 | D:9      | Killed Psyche
  8471 | D:9      | Reached XP level 11. HP: 80/104 MP: 5/14
  8622 | D:9      | Found a sacrificial altar of Ru.
  8692 | D:9      | Identified a scroll of acquirement
  8710 | D:10     | Entered Level 10 of the Dungeon
  8739 | D:10     | Noticed Grum
  8743 | D:10     | Killed Grum
  8773 | D:10     | Noticed Sonja
  8779 | D:10     | Killed Sonja
  8924 | D:10     | Noticed an unseen horror
  8926 | D:10     | Killed an unseen horror
  8926 | D:10     | Reached skill level 12 in Fighting
  8988 | D:10     | Reached skill level 5 in Invocations
  8994 | D:10     | Reached skill level 2 in Dodging
  9050 | D:10     | Reached skill level 11 in Polearms
  9233 | D:10     | Reached skill level 3 in Armour
  9726 | D:11     | Noticed a wolf spider
  9731 | D:11     | Killed a wolf spider
  9740 | D:11     | Reached skill level 3 in Dodging
  9740 | D:11     | Reached skill level 6 in Invocations
  9750 | D:11     | Reached ***** piety under the Shining One
  9821 | D:11     | Found Harasuit's Jewellery Emporium.
  9962 | D:11     | Noticed a red ugly thing
  9966 | D:11     | Noticed a green ugly thing
  9968 | D:11     | Killed a red ugly thing
  9974 | D:11     | Killed a green ugly thing
 10003 | D:11     | Reached XP level 12. HP: 113/113 MP: 16/16
 10017 | D:11     | Reached skill level 4 in Armour
 10395 | D:11     | Found a staircase to the Orcish Mines.
 10515 | D:11     | Found a staircase to the Lair.
 10545 | Lair:1   | Entered Level 1 of the Lair of Beasts
 10818 | Lair:1   | Reached skill level 7 in Invocations
 11479 | Lair:2   | Reached skill level 4 in Dodging
 11601 | Lair:2   | Noticed a five-headed hydra
 11614 | Lair:2   | Killed a one-headed hydra
 11670 | Lair:2   | Noticed Fannar
 11680 | Lair:2   | Killed Fannar
 12303 | Lair:3   | Reached skill level 13 in Fighting
 12305 | Lair:3   | Reached skill level 5 in Armour
 12321 | Lair:3   | Found a runed door.
 12342 | Lair:3   | Noticed Urug
 12366 | Lair:3   | Killed Urug
 12366 | Lair:3   | Reached skill level 8 in Invocations
 12556 | Lair:3   | Reached skill level 12 in Polearms
 12795 | Lair:3   | Found a staircase to the Shoals.
 12812 | Lair:3   | Reached skill level 5 in Dodging
 12949 | Lair:3   | Found a staircase to the Snake Pit.
 12950 | Lair:3   | Reached XP level 13. HP: 122/122 MP: 19/19
 12978 | Lair:3   | Noticed Mobliot's ghost (journeyman OgFE)
 13387 | Lair:4   | Found a runed gate.
 13708 | Lair:4   | Found a runed gate.
 13708 | Lair:4   | Found a runed gate.
 13709 | Lair:4   | Noticed kirsanium's ghost (journeyman FoFi)
 13709 | Lair:4   | Noticed Appuhyh's ghost (journeyman NaWz)
 13710 | Lair:4   | Noticed Xodoxeg's ghost (journeyman NaWz)
 14627 | Lair:5   | Found a viscous altar of Jiyva.
 14627 | Lair:5   | Found a staircase to the Slime Pits.
 14663 | Lair:5   | Reached skill level 9 in Invocations
 14736 | Lair:5   | Reached skill level 6 in Armour
 15486 | Lair:6   | Entered Level 6 of the Lair of Beasts
 15538 | Lair:5   | HP: 29/123 [blink frog (4)]
 15907 | Lair:6   | Reached skill level 6 in Dodging
 16619 | Lair:6   | Reached skill level 10 in Invocations
 16619 | Lair:6   | Reached XP level 14. HP: 105/130 MP: 19/21
 16659 | Lair:6   | Found a large runed door.
 16749 | Lair:6   | Reached skill level 14 in Fighting
 16897 | Lair:6   | Found a large runed door.
 17495 | D:12     | Found a frozen archway.
 17513 | IceCv    | Entered an ice cave
 17546 | IceCv    | Reached skill level 7 in Armour
 17679 | IceCv    | Reached skill level 13 in Polearms
 18199 | IceCv    | Noticed a frost giant
 18211 | IceCv    | Killed a frost giant
 18524 | D:12     | Reached skill level 7 in Dodging
 19408 | D:13     | Noticed Josephine
 19421 | D:13     | Killed Josephine
 19499 | D:13     | Reached skill level 11 in Invocations
 20081 | D:14     | Found a gate to the Vaults.
 20239 | D:14     | Reached XP level 15. HP: 139/139 MP: 23/23
 20471 | D:14     | Found an iron altar of Okawaru.
 20866 | D:14     | Reached skill level 8 in Armour
 20967 | D:15     | Entered Level 15 of the Dungeon
 20970 | D:15     | Noticed Kirke
 21214 | D:15     | Reached ****** piety under the Shining One
 21509 | D:15     | Gained mutation: You have supernaturally acute eyesight.
                  | (SInv) [potion of mutation]
 21509 | D:15     | Gained mutation: You are partially covered in icy blue
                  | scales. (AC +2) [potion of mutation]
 21519 | D:15     | Lost mutation: You have supernaturally acute eyesight.
                  | (SInv) [potion of mutation]
 21519 | D:15     | Lost mutation: You are partially covered in icy blue
                  | scales. (AC +2) [potion of mutation]
 21519 | D:15     | Gained mutation: Your system is resistant to poisons.
                  | (rPois) [potion of mutation]
 21519 | D:15     | Gained mutation: You are partially covered in icy blue
                  | scales. (AC +2) [potion of mutation]
 21520 | D:15     | Lost mutation: Your system is resistant to poisons. (rPois)
                  | [potion of mutation]
 21520 | D:15     | Gained mutation: Your muscles are strong. (Str +2) [potion
                  | of mutation]
 21520 | D:15     | Gained mutation: Your flesh is cold resistant. (rC+)
                  | [potion of mutation]
 21520 | D:15     | Gained mutation: Your muscles are very strong. (Str +4)
                  | [potion of mutation]
 21563 | D:15     | Noticed a sphinx
 21591 | D:15     | Reached skill level 8 in Dodging
 21597 | D:15     | Killed Kirke
 21670 | D:15     | Noticed Roxanne
 21686 | D:15     | Killed Roxanne
 21722 | D:15     | Found a runed door.
 21723 | D:15     | Found a runed door.
 21732 | D:15     | Found a runed warning-scrawled door.
 21893 | D:15     | Reached skill level 15 in Fighting
 22074 | D:15     | Found a staircase to the Depths.
 22467 | D:14     | HP: 34/138 [poison (dark miasma)]
 22472 | D:14     | HP: 29/138 [poison (dark miasma)]
 22478 | D:14     | HP: 24/138 [poison (dark miasma)]
 22484 | D:14     | HP: 21/138 [poison (dark miasma)]
 22490 | D:14     | HP: 19/138 [poison (dark miasma)]
 22498 | D:14     | HP: 17/138 [poison (dark miasma)]
 22977 | D:11     | Bought the amulet "Bugic" {Faith rPois} for 716 gold pieces
 22983 | D:11     | Bought an uncursed ring of protection from magic for 350
                  | gold pieces
 23166 | Snake:1  | Entered Level 1 of the Snake Pit
 23202 | Snake:1  | Reached skill level 12 in Invocations
 23791 | Snake:1  | Reached skill level 14 in Polearms
 24926 | Snake:1  | Upgraded the game from 0.23-a0-181-g24f899a to
                  | 0.23-a0-183-gf37f6fb
 25312 | Shoals:1 | Entered Level 1 of the Shoals
 25461 | Shoals:1 | Got a faintly humming scale mail
 25472 | Shoals:1 | Identified the +3 scale mail of Infinity {rN+ rCorr} (You
                  | found it on level 1 of the Shoals)
 25505 | Shoals:1 | Reached XP level 16. HP: 99/149 MP: 19/25
 26240 | Shoals:1 | Found Keoqef's Book Boutique.
 26593 | Orc:1    | Entered Level 1 of the Orcish Mines
 26895 | Orc:2    | Entered Level 2 of the Orcish Mines
 26977 | Orc:2    | Found a staircase to the Elven Halls.
 27068 | Orc:2    | Found a roughly hewn altar of Beogh.
 27103 | Orc:2    | Found a roughly hewn altar of Beogh.
 27147 | Orc:2    | Found a roughly hewn altar of Beogh.
 27494 | Orc:2    | Reached skill level 16 in Fighting
 27575 | Orc:2    | Found Oxim Bax's Antique Armour Shop.
 27576 | Orc:2    | Found a roughly hewn altar of Beogh.
 27580 | Orc:2    | Found Axoitel's Antique Weapon Boutique.
 27592 | Orc:2    | Bought a steaming scale mail for 189 gold pieces
 27592 | Orc:2    | Bought a transparent buckler for 199 gold pieces
 27602 | Orc:2    | Identified the cursed +1 scale mail "Muegh" {Stlth+} (You
                  | bought it in a shop on level 2 of the Orcish Mines)
 27609 | Orc:2    | Identified the +4 buckler "Ychoul" {Str+3} (You bought it
                  | in a shop on level 2 of the Orcish Mines)
 27811 | Orc:2    | Found a roughly hewn altar of Beogh.
 27812 | Orc:2    | Found Docion's General Store.
 27839 | Orc:2    | Bought a potion of heal wounds for 70 gold pieces
 27868 | Orc:2    | Found a roughly hewn altar of Beogh.
 27901 | Orc:2    | Found Kitytu's Jewellery Emporium.
 27916 | Orc:2    | Bought the amulet of the Shining Light {rPois rN++ Regen+
                  | Str+4 Int-5} for 744 gold pieces
 28421 | Snake:2  | Reached skill level 15 in Polearms
 28636 | Snake:2  | Noticed Frances
 28653 | Snake:2  | Killed Frances
 28653 | Snake:2  | Reached skill level 9 in Armour
 28778 | Snake:2  | Reached skill level 9 in Dodging
 28840 | Snake:2  | HP: 53/226 [naga mage (7)]
 28845 | Snake:2  | HP: 55/226 [poisoned by a naga mage (poison arrow)]
 29148 | Snake:2  | Found Biecs's Armour Emporium.
 29704 | Snake:3  | Noticed Saint Roka
 29867 | Snake:3  | Found Gifor's Distillery.
 29868 | Snake:3  | Found Mir Exuesh's Weapon Shop.
 29868 | Snake:3  | Found Ellonous's Magic Scroll Boutique.
 29898 | Snake:3  | Found Yptoode's Distillery.
 29983 | Snake:3  | Killed Saint Roka
 29983 | Snake:3  | Reached skill level 10 in Armour
 29983 | Snake:3  | Reached XP level 17. HP: 110/159 MP: 26/26
 30166 | Snake:4  | Entered Level 4 of the Snake Pit
 30241 | Snake:4  | Reached skill level 10 in Dodging
 30982 | Snake:4  | HP: 38/160 [nagaraja/orb of energy (3)]
 30994 | Snake:4  | HP: 35/160 [naga sharpshooter/bolt (16)]
 30999 | Snake:4  | HP: 36/160 [poisoned by a nagaraja (splash of poison)]
 31005 | Snake:4  | HP: 32/160 [poisoned by a nagaraja (bolt of poison)]
 31009 | Snake:4  | Got a serpentine rune of Zot
 31009 | Snake:4  | HP: 12/160 [guardian serpent/bolt of poison (6)]
 31010 | Snake:4  | HP: 5/160 [nagaraja/splash of poison (1)]
 31011 | Snake:4  | Killed from afar by a nagaraja

Vault maps used:
D:1:      dpeg_arrival_water_fire, minmay_misc_feat_columns,
          columned_hall_lemuel
D:3:      xom_teletrap_fun, nicolae_ashenzari_panopticon
D:4:      minmay_temple_entry_oklob, serial_shops, kennysheep_mini_moat, shop,
          nicolae_shop_temple_entry_statues_fountains, shop,
          uniq_crazy_yiuf_cottage
D:5:      overflow_temple_1_default, fedhas_altar_4,
          nicolae_overflow_hidden_temple, gammafunk_ghost_grave, serial_shops,
          shop, first_ration, uniq_blork_the_orc, uniq_eustachio
D:6:      uniq_edmund, uniq_sigmund
D:7:      lemuel_doored_altar, marbit_many_paths, ebering_ghost_reflecting_pool,
          serial_shops, shop_fountains, grunt_livestock
D:8:      grunt_temple_overflow_bloody_war, lemuel_coloured_pillars_altar,
          uniq_pikel
D:9:      cheibrodos_shockbox, nicolae_ru_the_path_less_chosen, uniq_erolcha,
          uniq_psyche
D:10:     minmay_misc_feat_enclosed, uniq_sonja, uniq_grum
D:11:     erik_lair_dragon, erik_orc_2, serial_shops, nicolae_shop_behind_doors,
          minmay_misc_feat_nine_boxes
D:12:     portal_ice_cave_rime
D:13:     uniq_josephine
D:14:     lightli_vaults_fourway_checkpoint, minmay_misc_feat_room, basic_altar
D:15:     hangedman_depths_entry_try_elsewhere_first, grunt_ministairs_1,
          mikee_hates_you, uniq_kirke, uniq_roxanne
Temple:   compressed_dpeg_circular_temple
Lair:1:   hangedman_lair_unloving_vines, grunt_megastairs_5
Lair:2:   uniq_fannar
Lair:3:   elwin_shoals_entry_stream, minmay_snake_entry_guardpost_medium,
          ebering_ghost_reflecting_pool, minivault_27, uniq_urug
Lair:4:   gammafunk_ghost_cemetery
Lair:5:   slime_altar_1, lemuel_fruit_fields
Lair:6:   cheibrodos_lair_end_hotspot
Shoals:1: cheibrodos_shoals_epimethial_gifts, serial_shops, shop,
          nicolae_shoals_this_corrosion
Snake:1:  cheibrodos_forgotten_conduit, serial_bayou_shore_b
Snake:2:  serial_shops, shop, uniq_frances
Snake:3:  minmay_shoptagon, basic_stair_grate_trap, uniq_saint_roka
Snake:4:  grunt_snake_rune_spirals
Orc:2:    grunt_orc_community_town_hall, grunt_orc_community_big_house_1,
          grunt_orc_community_big_house_2, grunt_orc_community_house_1,
          grunt_orc_community_house_1, grunt_orc_community_house_3,
          grunt_orc_community_house_1, grunt_orc_community_house_1, mines1_david
IceCv:    ice_cave_small_giant

Skill      XL: |  1  2  3  4  5  6  7  8  9 10 11 12 13 14 15 16 17 |
---------------+----------------------------------------------------+-----
Polearms       | 2 3 4 5 6 7 9 10 11 12 13 14 15 | 15.3
Fighting       | 4 5 6 7 8 10 11 12 13 14 15 16 | 16.9
Dodging        | 1 3 5 6 7 8 9 10 | 10.4
Invocations    | 4 6 8 10 11 12 | 12.2
Armour         | 3 5 6 7 8 10 | 10.5
Shields        | |  2.1

Action                   |  1- 3 |  4- 6 |  7- 9 | 10-12 | 13-15 | 16-18 || total
-------------------------+-------+-------+-------+-------+-------+-------++-------
Melee: Trident           |   129 |   216 |    72 |       |       |       ||   417
       Kick              |    14 |    40 |    52 |    79 |   244 |   153 ||   582
       Rapier            |       |       |    76 |       |       |       ||    76
       Halberd           |       |       |    53 |   428 |   861 |   601 ||  1943
       Hand axe          |       |       |       |     7 |    40 |    40 ||    87
Invok: Divine Shield     |       |       |     1 |     5 |    16 |     7 ||    29
       Cleansing Flame   |       |       |       |     2 |     9 |       ||    11
       Summon Divine War |       |       |       |     1 |     5 |     1 ||     7
Evoke: Wand              |       |       |       |     9 |    10 |     1 ||    20
       Sack of spiders   |       |       |       |       |     1 |     3 ||     4
       Phial of floods   |       |       |       |       |     1 |       ||     1
  Use: Scroll            |       |     5 |     3 |    15 |     8 |    12 ||    43
       Potion            |       |     2 |     4 |     1 |    14 |     8 ||    29
  Eat: Chunk             |     1 |     2 |     1 |     9 |     8 |     3 ||    24
       Ration            |       |     2 |     2 |     2 |    10 |     4 ||    20
Armor: Scale mail        |    45 |    83 |    45 |       |     8 |   216 ||   397
       Skin              |       |       |    12 |       |       |       ||    12
       Plate armour      |       |       |    13 |   165 |   598 |       ||   776
Dodge: Dodged            |    23 |    39 |    28 |    51 |   220 |   170 ||   531
Block: Shield            |    34 |    94 |    36 |       |       |       ||   164
       Other             |       |       |     1 |    17 |   108 |    54 ||   180
       Buckler           |       |       |       |       |       |    18 ||    18

Table legend:
 A = Non-vault XP
 B = Vault XP
 C = Vault XP percentage of total XP
 D = Non-vault monster count
 E = Vault monster count
 F = Vault count percentage of total count
                 A         B        C        D         E       F
            +---------+---------+-------+---------+---------+-------
      Total |  156770 |  100587 |  39.1 |     721 |     290 |  28.7
            +---------+---------+-------+---------+---------+-------
        D:1 |      55 |       0 |   0.0 |      29 |       0 |   0.0
        D:2 |      63 |       0 |   0.0 |      20 |       0 |   0.0
        D:3 |     384 |       0 |   0.0 |      45 |       0 |   0.0
        D:4 |     234 |     102 |  30.4 |      15 |       2 |  11.8
        D:5 |     160 |     668 |  80.7 |       9 |       3 |  25.0
        D:6 |    1026 |     411 |  28.6 |      33 |       2 |   5.7
        D:7 |     645 |    1004 |  60.9 |      19 |       6 |  24.0
        D:8 |    2054 |     750 |  26.7 |      30 |       2 |   6.2
        D:9 |    2349 |    1416 |  37.6 |      17 |       2 |  10.5
       D:10 |    3012 |    1446 |  32.4 |      34 |       6 |  15.0
       D:11 |    5589 |    2046 |  26.8 |      38 |      26 |  40.6
       D:12 |    5979 |     749 |  11.1 |      42 |       2 |   4.5
       D:13 |    5649 |    1370 |  19.5 |      24 |       4 |  14.3
       D:14 |   13221 |    5139 |  28.0 |      39 |      12 |  23.5
       D:15 |    6562 |   11484 |  63.6 |      27 |      13 |  32.5
     Lair:1 |    2554 |     212 |   7.7 |      12 |       2 |  14.3
     Lair:2 |    2839 |     798 |  21.9 |      14 |       1 |   6.7
     Lair:3 |    5456 |    3087 |  36.1 |      24 |       9 |  27.3
     Lair:4 |    6354 |       0 |   0.0 |      25 |       0 |   0.0
     Lair:5 |    7911 |       0 |   0.0 |      29 |       0 |   0.0
     Lair:6 |   11312 |    7042 |  38.4 |      35 |      27 |  43.5
   Shoals:1 |    6456 |    5746 |  47.1 |      20 |       8 |  28.6
    Snake:1 |   12694 |    5754 |  31.2 |      25 |      10 |  28.6
    Snake:2 |   27917 |    1774 |   6.0 |      49 |       1 |   2.0
    Snake:3 |   10451 |    5995 |  36.5 |      19 |       9 |  32.1
    Snake:4 |    8643 |   29357 |  77.3 |      15 |      47 |  75.8
      Orc:1 |    2699 |       0 |   0.0 |      16 |       0 |   0.0
      Orc:2 |    4502 |    6025 |  57.2 |      17 |      60 |  77.9
      IceCv |       0 |    8212 | 100.0 |       0 |      36 | 100.0
            +---------+---------+-------+---------+---------+-------

Vault maps used:
D:1:      dpeg_arrival_water_fire, minmay_misc_feat_columns,
          columned_hall_lemuel
D:3:      xom_teletrap_fun, nicolae_ashenzari_panopticon
D:4:      minmay_temple_entry_oklob, serial_shops, kennysheep_mini_moat, shop,
          nicolae_shop_temple_entry_statues_fountains, shop,
          uniq_crazy_yiuf_cottage
D:5:      overflow_temple_1_default, fedhas_altar_4,
          nicolae_overflow_hidden_temple, gammafunk_ghost_grave, serial_shops,
          shop, first_ration, uniq_blork_the_orc, uniq_eustachio
D:6:      uniq_edmund, uniq_sigmund
D:7:      lemuel_doored_altar, marbit_many_paths, ebering_ghost_reflecting_pool,
          serial_shops, shop_fountains, grunt_livestock
D:8:      grunt_temple_overflow_bloody_war, lemuel_coloured_pillars_altar,
          uniq_pikel
D:9:      cheibrodos_shockbox, nicolae_ru_the_path_less_chosen, uniq_erolcha,
          uniq_psyche
D:10:     minmay_misc_feat_enclosed, uniq_sonja, uniq_grum
D:11:     erik_lair_dragon, erik_orc_2, serial_shops, nicolae_shop_behind_doors,
          minmay_misc_feat_nine_boxes
D:12:     portal_ice_cave_rime
D:13:     uniq_josephine
D:14:     lightli_vaults_fourway_checkpoint, minmay_misc_feat_room, basic_altar
D:15:     hangedman_depths_entry_try_elsewhere_first, grunt_ministairs_1,
          mikee_hates_you, uniq_kirke, uniq_roxanne
Temple:   compressed_dpeg_circular_temple
Lair:1:   hangedman_lair_unloving_vines, grunt_megastairs_5
Lair:2:   uniq_fannar
Lair:3:   elwin_shoals_entry_stream, minmay_snake_entry_guardpost_medium,
          ebering_ghost_reflecting_pool, minivault_27, uniq_urug
Lair:4:   gammafunk_ghost_cemetery
Lair:5:   slime_altar_1, lemuel_fruit_fields
Lair:6:   cheibrodos_lair_end_hotspot
Shoals:1: cheibrodos_shoals_epimethial_gifts, serial_shops, shop,
          nicolae_shoals_this_corrosion
Snake:1:  cheibrodos_forgotten_conduit, serial_bayou_shore_b
Snake:2:  serial_shops, shop, uniq_frances
Snake:3:  minmay_shoptagon, basic_stair_grate_trap, uniq_saint_roka
Snake:4:  grunt_snake_rune_spirals
Orc:2:    grunt_orc_community_town_hall, grunt_orc_community_big_house_1,
          grunt_orc_community_big_house_2, grunt_orc_community_house_1,
          grunt_orc_community_house_1, grunt_orc_community_house_3,
          grunt_orc_community_house_1, grunt_orc_community_house_1, mines1_david
IceCv:    ice_cave_small_giant

Table legend:
 A = Turns spent in this place as a percentage of turns spent in the entire game.
 B = Non-inter-level travel turns spent in this place as a percentage of non-inter-level travel turns spent in the entire game.
 C = Inter-level travel turns spent in this place as a percentage of turns spent in this place.
 D = Turns resting spent in this place as a percentage of non-inter-level travel turns spent in this place.
 E = Turns spent auto-exploring this place as a percentage of non-inter-level travel turns spent in this place.
 F = Non-inter-level travel turns spent in this place divided by the number of levels of this place that you've seen.
                   A       B       C       D       E      F
               +-------+-------+-------+-------+-------+----------------------
         Total | 100.0 | 100.0 |   8.8 |  29.0 |  48.7 | 943.2
       Dungeon |  50.1 |  48.4 |  11.9 |  25.2 |  53.3 | 912.4
        Temple |   1.1 |   1.2 |   2.7 |  43.9 |  24.5 | 326.0
          Lair |  23.3 |  23.2 |   9.1 |  25.7 |  57.8 | 1093.2
        Shoals |   3.6 |   3.8 |   3.4 |  39.6 |  33.0 | 1071.0
     Snake Pit |  14.5 |  15.5 |   2.6 |  43.2 |  29.8 | 1096.5
  Orcish Mines |   4.4 |   4.7 |   3.8 |  16.3 |  54.6 | 659.5
      Ice Cave |   3.1 |   3.4 |   0.0 |  40.7 |  25.9 | 950.0
               +-------+-------+-------+-------+-------+----------------------

Table legend:
 A = Kills in this place as a percentage of kills in entire the game.
 B = Kills by you in this place as a percentage of kills by you in the entire game.
 C = Kills by friends in this place as a percentage of kills by friends in the entire game.
 D = Other kills in this place as a percentage of other kills in the entire game.
 E = Experience gained in this place as a percentage of experience gained in the entire game.
 F = Experience gained in this place divided by the number of levels of this place that you have seen.
                   A       B       C       D       E      F
               +-------+-------+-------+-------+-------+----------------------
         Total | 100.0 | 100.0 | 100.0 | 100.0 | 100.0 | 8578.6
       Dungeon |  49.6 |  50.2 |  36.6 |   0.0 |  28.6 | 4904.5
          Lair |  17.6 |  17.8 |  14.6 |   0.0 |  18.5 | 7927.5
        Shoals |   2.8 |   2.6 |   7.3 |   0.0 |   4.7 | 12202.0
     Snake Pit |  17.3 |  17.6 |   7.3 | 100.0 |  39.9 | 25646.2
  Orcish Mines |   9.2 |   8.7 |  22.0 |   0.0 |   5.1 | 6613.0
      Ice Cave |   3.6 |   3.2 |  12.2 |   0.0 |   3.2 | 8212.0
               +-------+-------+-------+-------+-------+----------------------
